 Dungeon Crawl Stone Soup version 0.30-a0-948-g4fa250aae5 (webtiles) character file.

Game seed: 14252305834410754356

394 MathMan16 the Firebug (level 6, -1/32 HPs)
             Began as a Gargoyle Fire Elementalist on Mar 26, 2023.
             Slain by a gnoll
             ... wielding a +0 halberd
             ... led by a gnoll sergeant
              (7 damage)
             ... on level 4 of the Dungeon.
             The game lasted 00:15:39 (4667 turns).

MathMan16 the Firebug (Gargoyle Fire Elementalist)  Turns: 4667, Time: 00:15:39

Health: -1/32      AC: 11    Str: 11    XL:     6   Next: 82%
Magic:  9/11       EV: 10    Int: 18    God:
Gold:   39         SH:  0    Dex: 10    Spells: 8/12 levels left

rFire   x . .      SeeInvis .    x - +1 great sword (holy)
rCold   + + .      Faith    .    (shield currently unavailable)
rNeg    + . .      Spirit   .    A - +1 ring mail "Forget-Me-Not" {+Inv rC+ rCorr}
rPois   ∞          Reflect  .    (no helmet)
rElec   +          Rampage  .    y - +0 cloak
rCorr   +                        (no gloves)
Will    .....                    (no boots)
Stlth   +                        (no amulet)
HPRegen 0.25/turn                w - ring of ice
MPRegen 0.12/turn                (no ring)

@: no status effects
A: sickness immunity, AC +4, negative energy resistance 1, electricity
resistance, torment resistance 1, petrification resistance
a: Evoke Invisibility


You were on level 4 of the Dungeon.
You visited 1 branch of the dungeon, and saw 5 of its levels.
You also visited: Sewer.

You collected 192 gold pieces.
You spent 153 gold pieces at shops.

Inventory:

Hand Weapons
 c - a +0 dagger
 f - a +0 short sword
 i - a +0 falchion
 x - a +1 great sword of holy wrath (weapon)
 z - a +3 mace
Armour
 a - a +0 robe
 y - a +0 cloak (worn)
 A - the +1 ring mail "Forget-Me-Not" (worn) {+Inv rC+ rCorr}
   (You found it on level 4 of the Dungeon)

   rC:        It protects you from cold.
   +Inv:      It lets you turn invisible.
   rCorr:     It protects you from acid and corrosion.
Jewellery
 p - a ring of protection from cold
 w - a ring of ice (left hand)
Scrolls
 d - 2 scrolls of immolation {unknown}
 e - 2 scrolls of identify
 h - a scroll of fear
 j - a scroll of enchant armour {unknown}
 l - a scroll of teleportation {unknown}
 m - a scroll of enchant weapon {unknown}
 n - a scroll of poison {unknown}
 o - a scroll of vulnerability {unknown}
 q - a scroll of amnesia {unknown}
 t - a scroll of brand weapon {unknown}
 B - a scroll of torment {unknown}
Potions
 b - 2 potions of magic
 g - 4 potions of curing
 k - 2 potions of mutation
 r - a potion of haste
 s - a potion of might
 u - a potion of lignification {unknown}
 v - a potion of degeneration {unknown}
 C - a potion of heal wounds {unknown}


   Skills:
 - Level 1.5 Dodging
 - Level 2.1 Stealth
 + Level 3.9 Spellcasting
 * Level 4.5 Conjurations
 + Level 4.7 Fire Magic


You had 8 spell levels left.
You knew the following spells:

 Your Spells              Type           Power      Damage    Failure   Level
a - Foxfire               Conj/Fire      80%        2x1d8     5%          1
b - Scorch                Fire           40%        2d7       8%          2
c - Freeze                Ice            20%        1d4       36%         1

Your spell library contained the following spells:

 Spells                   Type           Power      Damage    Failure   Level
 Hailstorm                Conj/Ice       17%        3d6       38%         3
 Inner Flame              Hex/Fire       12%        N/A       38%         3
 Flame Wave               Conj/Fire      20%        2d7       47%         4
 Ignite Poison            Fire/Tmut/Pois 9%         N/A       50%         3
 Kindle Blastsparks       Fire/Tloc/Air  18%        2d11      50%         3
 Frozen Ramparts          Ice            10%        1d2       73%         3
 Freezing Cloud           Conj/Ice/Air   6%         6-21      99%         5


Dungeon Overview and Level Annotations

Branches:
Dungeon (5/15)              Sewer (visited)
 Temple: D:4-7

Altars:
Cheibriados
Fedhas
Okawaru
Yredelemnul

Shops:
D:4 *   D:5 [

Annotations:
D:3 3 runed translucent doors, Jeffwins's ghost, amateur HuWn


Innate Abilities, Weirdness & Mutations

You are immune to sickness and miasma.
Your stone body is resilient. (AC +4)
You are immune to poison.
You resist negative energy. (rN+)
You are resistant to electric shocks. (rElec)
You are resistant to unholy torment.
You are immune to petrification.


Message History

Confirm with . or Enter, or press ? or * to list all spells.
You conjure some foxfire!
The gnoll sergeant barely misses you.
The foxfire hits the gnoll sergeant but does no damage.
The gnoll sergeant is lightly wounded.
The foxfire hits the gnoll sergeant.
The gnoll sergeant is moderately wounded.
As you read the scroll of fear, it crumbles to dust.
You assume a fearsome visage.
The gnoll sergeant looks frightened!
The gnoll seems to regain its courage.
The gnoll hits you but does no damage. The gnoll barely misses you.
The gnoll attacks as you move away! The gnoll hits you but does no damage.
The gnoll barely misses you. The gnoll attacks as you move away!
The gnoll barely misses you.
There is an open door here.
The gnoll attacks as you move away! The gnoll hits you but does no damage.
The gnoll misses you.
Things that are here:
a +0 spear; a hobgoblin corpse The gnoll attacks as you move away!
The gnoll misses you. The gnoll attacks as you move away!
The gnoll hits you but does no damage.
Casting: Foxfire (safe; 5% risk of failure)
Confirm with . or Enter, or press ? or * to list all spells.
Flames lash the gnoll.
The gnoll is heavily wounded.
The gnoll's fire resistance burns away.
The gnoll barely misses you.
Okay, then.
Magic courses through your body.
The gnoll sergeant seems to regain its courage.
The gnoll closely misses you. The gnoll hits you with a +0 whip.
* * * LOW HITPOINT WARNING * * *
Casting: Scorch (safe; 8% risk of failure)
Confirm with . or Enter, or press ? or * to list all spells.
Flames lash the gnoll.
The gnoll is burned terribly!
You kill the gnoll!
The gnoll hits you from afar with a +0 halberd!
* * * LOW HITPOINT WARNING * * *
You feel better.
The gnoll hits you from afar with a +0 halberd!
You die...

#.........# #...#.##
#......)..# ########.#.##
#.........###.....##.#.##
#..........##.###.##.#.##
#.........†##.# #.##.#...
######'#'#....# #.##.####
#.#g#.#### #.##.# #g#)#.#
##'##†#### #.#@#.#
#......... #..$.#.#
#......... #.....###.#
#......... #...g. ..#
#......... #.... ###
#......... .....
#......... ....
#......... ....
#......... #.........


You could see a gnoll sergeant and a gnoll.

Vanquished Creatures
  A scorpion (D:3)
  A hound (D:4)
  A jelly (D:4)
  A hell rat (Sewer)
  A howler monkey zombie (D:3)
  7 gnolls (D:4)
  5 adders
  2 river rats (Sewer)
  An adder zombie (D:3)
  A worm (D:2)
  4 dart slugs
  6 orcs
  3 bats
  6 endoplasms
  4 giant cockroaches
  8 goblins
  6 hobgoblins
  6 jackals (D:4)
  11 kobolds
  2 quokkas
  7 ball pythons
  4 frilled lizards
  14 rats
102 creatures vanquished.

Vanquished Creatures (others)
  208 foxfires
208 creatures vanquished.

Grand Total: 310 creatures vanquished

Notes
Turn   | Place    | Note
-------+----------+-------------------------------------------
     0 | D:1      | MathMan16 the Gargoyle Fire Elementalist began the quest
                  | for the Orb.
     0 | D:1      | Reached XP level 1. HP: 10/10 MP: 3/3
    67 | D:1      | Noticed a shining eye
    68 | D:1      | Found a faded altar of an unknown god.
    73 | D:1      | Noticed a golden eye
    73 | D:1      | Noticed an eye of devastation
    73 | D:1      | Noticed a shining eye
    94 | D:1      | Reached XP level 2. HP: 13/15 MP: 1/5
   710 | D:1      | Reached XP level 3. HP: 19/19 MP: 2/6
  1281 | D:2      | Reached XP level 4. HP: 24/24 MP: 5/8
  1312 | D:2      | Learned a level 2 spell: Scorch
  1638 | D:2      | Found a blossoming altar of Fedhas.
  1962 | D:3      | Noticed a scorpion
  1989 | D:3      | Killed a scorpion
  1990 | D:3      | Reached XP level 5. HP: 12/28 MP: 0/9
  2369 | D:3      | Found a glowing drain.
  2429 | Sewer    | Entered a sewer
  2675 | D:3      | Found a runed translucent gate.
  2675 | D:3      | Found a runed translucent gate.
  2676 | D:3      | Found a runed translucent gate.
  2678 | D:3      | Noticed an ogre
  2721 | D:3      | Noticed Jeffwins's ghost (amateur HuWn)
  2775 | D:3      | Learned a level 1 spell: Freeze
  3074 | D:3      | Found a snail-covered altar of Cheibriados.
  3193 | D:3      | Found a basalt altar of Yredelemnul.
  3398 | D:4      | You fall into a shaft and drop 1 floor!
  3398 | D:5      | Entered Level 5 of the Dungeon
  3398 | D:5      | Found Weheacih's Antique Armour Shoppe.
  3405 | D:5      | Bought a cloak for 153 gold pieces
  3652 | D:4      | Reached XP level 6. HP: 32/32 MP: 6/11
  3652 | D:4      | Found an iron altar of Okawaru.
  4105 | D:4      | Identified the +1 ring mail "Forget-Me-Not" {+Inv rC+
                  | rCorr}
  4316 | D:4      | Found Qaneh's Lightly-Used Armoury.
  4631 | D:4      | HP: 1/32 [gnoll/+0 halberd[a gnoll sergeant] (8)]
  4666 | D:4      | HP: 1/32 [gnoll/+0 halberd[a gnoll sergeant] (8)]
  4667 | D:4      | Slain by a gnoll

Illustrated notes

Levels and vault maps discovered:
D:1:      sevenhm_arrival_forest_fort_small_1, layout_basic,
          hellmonk_ecumenical_altar_watching_god, palyth_stone_intersect
D:2:      layout_basic, basic_altar
D:3:      layout_loops_ring, lemuel_zombie_altar_yredelemnul,
          mainiacjoe_overflow_tiny_flanked, cheibrodos_sewer_entry_sluice,
          gammafunk_ghost_split, kennysheep_nondescript,
          minmay_fractal_squares_5
D:4:      layout_basic, okawaru_ov_weapons_minmay, minmay_shop_damaged
D:5:      layout_rooms, zin_angel, serial_shops, nicolae_take_the_stairs, shop,
          nicolae_shop_competitors_out_of_business, nicolae_stop_n_shop_2,
          shop_statue, kennysheep_decorative_pillar, minivault_24

Skill      XL: |  1  2  3  4  5  6 |
---------------+-------------------+-----
Conjurations   | 2 3 4 |  4.5
Spellcasting   | 3 |  3.9
Fire Magic     | 4 |  4.7
Dodging        | |  1.5
Stealth        | |  2.1

Action                     |  1- 3 |  4- 6 || total
---------------------------+-------+-------++-------
  Melee: Dagger            |    11 |       ||    11
         Punch             |     1 |       ||     1
         Short sword       |    13 |       ||    13
         Falchion          |       |     9 ||     9
         Great sword       |       |    12 ||    12
   Cast: Foxfire           |    58 |    71 ||   129
         Scorch            |       |    48 ||    48
         Freeze            |       |     7 ||     7
    Use: Scroll            |       |     7 ||     7
         Potion            |       |     2 ||     2
 Armour: Robe              |    22 |    30 ||    52
         Ring mail         |       |     9 ||     9
  Dodge: Dodged            |    27 |    56 ||    83

Table legend: (Time is in decaauts)
 A = Elapsed time spent in this place.
 B = Non-inter-level travel time spent in this place.
 C = Inter-level travel time spent in this place.
 D = Time resting spent in this place.
 E = Time spent auto-exploring this place.
 F = Levels seen in this place.
 G = Mean time per level.
                   A        B        C        D        E       F      G
               +--------+--------+--------+--------+--------+-----+--------+
         Total |   4688 |   4688 |      0 |    149 |   3462 |   6 |  781.3 |
       Dungeon |   4466 |   4466 |      0 |    149 |   3281 |   5 |  893.2 |
         Sewer |    222 |    222 |      0 |      0 |    180 |   1 |  222.0 |
               +--------+--------+--------+--------+--------+-----+--------+

Top non-repeatable levels by time:
     D:3: 1355 daAuts
     D:4: 1239 daAuts
     D:2: 970 daAuts
     D:1: 867 daAuts
   Sewer: 222 daAuts
     D:5: 32 daAuts
